 Dungeon Crawl Stone Soup version 0.28.0-53-g5a82cb258f (webtiles) character file.

Game seed: 1244531227729792334

546 Brotato the Covert (level 7, -1/56 HPs)
             Began as a Gnoll Brigand on June 5, 2022.
             Slain by a gnoll
             ... wielding a +0 flail
              (5 damage)
             ... on level 4 of the Dungeon.
             The game lasted 00:08:37 (4686 turns).

Brotato the Covert (Gnoll Brigand)                  Turns: 4686, Time: 00:08:38

Health: -1/56      AC:  5    Str:  8 (11) XL:     7   Next: 28%
Magic:  0/10       EV: 13    Int:  8 (10) God:
Gold:   101        SH:  0    Dex: 14 (15) Spells: 10/10 levels left

rFire   . . .      SeeInvis .   p - +0 dagger (venom)
rCold   . . .      Faith    .   (no shield)
rNeg    . . .      Spirit   +   b - +0 robe
rPois   .          Reflect  .   s - +0 helmet
rElec   .          Harm     .   c - +0 cloak
rCorr   .          Rampage  .   g - +0 pair of gloves
Will    .....                   (no boots)
Stlth   ++++......              h - amulet of guardian spirit
HPRegen 0.18/turn               (no ring)
MPRegen 0.12/turn               (no ring)

@: no status effects
A: fangs 1, strong nose, distributed training
a: no special abilities


You were on level 4 of the Dungeon.
You visited 1 branch of the dungeon, and saw 4 of its levels.

You collected 101 gold pieces.

Inventory:

Hand Weapons
 a - a +2 dagger
 p - a +0 dagger of venom (weapon)
Missiles
 d - 15 poisoned darts (quivered)
 e - 2 curare-tipped darts
 m - 32 sling bullets
Armour
 b - a +0 robe (worn)
 c - a +0 cloak (worn)
 g - a +0 pair of gloves (worn)
 s - a +0 helmet (worn)
Jewellery
 h - an amulet of guardian spirit (around neck)
Scrolls
 f - 3 scrolls of teleportation
 i - a scroll of noise {unknown}
 j - a scroll of magic mapping {unknown}
 k - a scroll of vulnerability {unknown}
 l - a scroll of identify {unknown}
 n - a scroll of immolation {unknown}
 q - 2 scrolls of amnesia {unknown}
 r - a scroll of blinking {unknown}
 t - a scroll of enchant weapon {unknown}
 u - 2 scrolls of enchant armour {unknown}
Potions
 o - a potion of degeneration


   Skills:
 + Level 5.2 Fighting
 + Level 5.2 Short Blades
 + Level 2.3 Long Blades
 + Level 2.3 Axes
 + Level 2.3 Maces & Flails
 + Level 2.3 Polearms
 + Level 2.3 Staves
 + Level 2.3 Slings
 + Level 2.3 Bows
 + Level 2.3 Crossbows
 + Level 5.2 Throwing
 + Level 2.3 Armour
 + Level 3.5 Dodging
 + Level 8.2 Stealth
 + Level 2.3 Shields
 + Level 2.3 Unarmed Combat
 + Level 2.3 Spellcasting
 + Level 1.9 Conjurations
 + Level 1.9 Hexes
 + Level 1.9 Summonings
 + Level 1.9 Necromancy
 + Level 1.9 Translocations
 + Level 1.9 Transmutations
 + Level 1.9 Fire Magic
 + Level 1.9 Ice Magic
 + Level 1.9 Air Magic
 + Level 1.9 Earth Magic
 + Level 1.9 Poison Magic
 + Level 2.6 Invocations
 + Level 2.3 Evocations


You had 10 spell levels left.
You didn't know any spells.
Your spell library was empty.

Dungeon Overview and Level Annotations

Branches:
Dungeon (4/15)
 Temple: D:4-7

Altars:


Innate Abilities, Weirdness & Mutations

You have very sharp teeth.
Your uncanny sense of smell can sniff out nearby items.
Your experience applies equally to all skills.


Message History

You hit the adder.
You kill the adder!
A gnoll comes into view. It is wielding a +0 flail.
The gnoll shouts!
You see here an adder corpse.
You hit the gnoll.
The gnoll is moderately wounded.
You hit the gnoll but do no damage.
The gnoll is moderately wounded.
The gnoll closely misses you.
You hit the gnoll but do no damage.
The gnoll is moderately wounded.
The gnoll barely misses you. The gnoll hits you with a +0 flail!
You hit the gnoll but do no damage.
The gnoll is poisoned.
The gnoll is lightly wounded.
The gnoll hits you from afar with a +0 spear of flaming.
The gnoll burns you. The gnoll hits you with a +0 flail!
The gnoll hits you with a +0 spear of flaming.
The gnoll burns you. The gnoll closely misses you.
You hit the gnoll but do no damage.
The gnoll is poisoned.
You bite the gnoll, but do no damage. You barely miss the gnoll.
Your bite misses the gnoll. The gnoll closely misses you.
The gnoll hits you with a +0 flail!
* * * LOW HITPOINT WARNING * * *
You hit the gnoll but do no damage.
The gnoll looks even sicker.
The gnoll hits you with a +0 spear of flaming.
* * * LOW HITPOINT WARNING * * *
The gnoll burns you.
* * * LOW HITPOINT WARNING * * *
The gnoll hits you with a +0 flail!
* * * LOW HITPOINT WARNING * * *
It was a potion of degeneration.
There was something very wrong with that liquid.
You feel weakened.
You feel dopey.
You feel clumsy.
The gnoll hits you with a +0 spear of flaming.
* * * LOW HITPOINT WARNING * * *
The gnoll burns you.
* * * LOW HITPOINT WARNING * * *
The gnoll hits you with a +0 flail.
You die...

#.......# .......
#.......# .......
#.......# .......
#.......# .......
##..†...)#####.......
#.#.......)))..[.......
..........†#####.......
.........#...###.....$.
....####.#.#.@g<.......
....'....#...g......###
..).###..#####...>..#
..........# #..)....#
#.######.....#
#........
#..........#.#
####.##.#
#####..###.#### ... .
#.............# ..
#.#######.....# ..g


You could see 2 gnolls.

Vanquished Creatures
  An ogre (D:4)
  A centaur (D:4)
  2 hounds
  2 orc priests (D:4)
  An iguana (D:4)
  A gnoll (D:4)
  9 adders
  An ufetubus (D:4)
  An adder skeleton (D:4)
  4 worms
  3 dart slugs
  19 orcs
  4 endoplasms
  4 giant cockroaches
  8 goblins
  4 hobgoblins
  8 jackals
  4 quokkas
  8 ball pythons
  7 bats
  4 frilled lizards
  9 kobolds
  6 rats
111 creatures vanquished.

Notes
Turn   | Place    | Note
-------+----------+-------------------------------------------
     0 | D:1      | Brotato the Gnoll Brigand began the quest for the Orb.
     0 | D:1      | Reached XP level 1. HP: 20/20 MP: 1/1
    28 | D:1      | Found a faded altar of an unknown god.
    46 | D:1      | Reached XP level 2. HP: 20/26 MP: 2/2
   567 | D:1      | Reached XP level 3. HP: 31/31 MP: 3/3
  1284 | D:2      | Reached skill level 1 in Invocations
  1591 | D:2      | Reached skill level 1 in Long Blades
  1591 | D:2      | Reached skill level 1 in Axes
  1591 | D:2      | Reached skill level 1 in Maces & Flails
  1591 | D:2      | Reached skill level 1 in Polearms
  1591 | D:2      | Reached skill level 1 in Staves
  1591 | D:2      | Reached skill level 1 in Slings
  1591 | D:2      | Reached skill level 1 in Bows
  1591 | D:2      | Reached skill level 1 in Crossbows
  1591 | D:2      | Reached skill level 1 in Armour
  1591 | D:2      | Reached skill level 1 in Shields
  1591 | D:2      | Reached skill level 1 in Unarmed Combat
  1591 | D:2      | Reached skill level 1 in Spellcasting
  1591 | D:2      | Reached skill level 1 in Evocations
  1591 | D:2      | Reached XP level 4. HP: 38/38 MP: 5/5
  1691 | D:2      | Reached skill level 1 in Conjurations
  1691 | D:2      | Reached skill level 1 in Hexes
  1691 | D:2      | Reached skill level 1 in Summonings
  1691 | D:2      | Reached skill level 1 in Necromancy
  1691 | D:2      | Reached skill level 1 in Translocations
  1691 | D:2      | Reached skill level 1 in Transmutations
  1691 | D:2      | Reached skill level 1 in Fire Magic
  1691 | D:2      | Reached skill level 1 in Ice Magic
  1691 | D:2      | Reached skill level 1 in Air Magic
  1691 | D:2      | Reached skill level 1 in Earth Magic
  1691 | D:2      | Reached skill level 1 in Poison Magic
  2137 | D:2      | Reached XP level 5. HP: 39/43 MP: 4/6
  3793 | D:4      | Reached skill level 8 in Stealth
  3868 | D:4      | Reached XP level 6. HP: 50/50 MP: 8/8
  3951 | D:4      | Reached skill level 5 in Fighting
  3951 | D:4      | Reached skill level 5 in Short Blades
  3951 | D:4      | Reached skill level 5 in Throwing
  4576 | D:4      | Reached XP level 7. HP: 56/56 MP: 10/10
  4686 | D:4      | Slain by a gnoll

Illustrated notes

Levels and vault maps discovered:
D:1:      mrwooster_arrival_statue, layout_basic, basic_ecumenical_altar
D:2:      layout_basic, grunt_ministairs_5
D:3:      minmay_chambers_of_threes, layout_basic, minmay_liquid_box
D:4:      layout_basic

Skill      XL: |  1  2  3  4  5  6 |
---------------+-------------------+-----
Invocations    | 1 2 |  2.6
Long Blades    | 1 2 |  2.3
Axes           | 1 2 |  2.3
Maces & Flails | 1 2 |  2.3
Polearms       | 1 2 |  2.3
Staves         | 1 2 |  2.3
Slings         | 1 2 |  2.3
Bows           | 1 2 |  2.3
Crossbows      | 1 2 |  2.3
Armour         | 1 2 |  2.3
Shields        | 1 2 |  2.3
Unarmed Combat | 1 2 |  2.3
Spellcasting   | 1 2 |  2.3
Evocations     | 1 2 |  2.3
Conjurations   | 1 |  1.9
Hexes          | 1 |  1.9
Summonings     | 1 |  1.9
Necromancy     | 1 |  1.9
Translocations | 1 |  1.9
Transmutations | 1 |  1.9
Fire Magic     | 1 |  1.9
Ice Magic      | 1 |  1.9
Air Magic      | 1 |  1.9
Earth Magic    | 1 |  1.9
Poison Magic   | 1 |  1.9
Dodging        | 3 |  3.5
Stealth        | 8 |  8.2
Fighting       | 5 |  5.2
Short Blades   | 5 |  5.2
Throwing       | 5 |  5.2

Action                   |  1- 3 |  4- 6 |  7- 9 || total
-------------------------+-------+-------+-------++-------
Melee: Dagger            |    89 |   261 |    41 ||   391
       Bite              |    12 |    21 |     5 ||    38
       Punch             |       |     6 |     1 ||     7
Throw: Dart              |       |     5 |       ||     5
  Use: Scroll            |       |     1 |       ||     1
       Potion            |       |       |     1 ||     1
 Stab: Sleeping          |    17 |    24 |       ||    41
Armor: Robe              |    18 |    38 |    17 ||    73
Dodge: Dodged            |    43 |   159 |    33 ||   235
